 Dungeon Crawl Stone Soup version 0.31.0-9-g3a7656b989 (webtiles) character file.

Game seed: 8415829452173959094

7864 qw the Skirmisher (level 11, 0/67 HPs)
             Began as a Deep Elf Hunter on Feb 2, 2024.
             Was a Priest of Okawaru.
             Slain by a yak (6 damage)
             ... on level 1 of the Lair of Beasts.
             The game lasted 00:00:56 (9167 turns).

qw the Skirmisher (Deep Elf Hunter)                 Turns: 9167, Time: 00:00:56

Health: 0/67       AC: 16    Str: 21    XL:     11   Next: 2%
Magic:  16/16      EV: 16    Int: 15    God:    Okawaru [***...]
Gold:   53         SH:  0    Dex: 20    Spells: 10/10 levels left

rFire   + . .        k - +0 shortbow
rCold   . . .        (shield currently unavailable)
rNeg    . . .        l - +0 scale mail {rF+}
rPois   .            s - +1 helmet "Popellef" {Str+3 Dex+2}
rElec   .            u - +0 cloak
rCorr   +            m - +1 pair of gloves
SInv    .            e - +2 pair of boots
Will    +....        (no amulet)
Stlth   +            r - +6 ring of strength
HPRegen 0.31/turn    w - ring of resist corrosion
MPRegen 0.15/turn

%: no passive effects
@: no status effects
A: no striking features
a: Renounce Religion, Heroism


You were on level 1 of the Lair of Beasts.
You worshipped Okawaru.
Okawaru was most pleased with you.
You visited 3 branches of the dungeon, and saw 11 of its levels.

You collected 474 gold pieces.
You spent 421 gold pieces at shops.


   Skills:
 + Level 7.2 Fighting
 - Level 14.0 Ranged Weapons
 - Level 5.0 Armour
 - Level 10.0 Dodging
 - Level 1.2 Stealth
 - Level 4.2 Invocations


You had 10 spell levels left.
You didn't know any spells.
Your spell library was empty.

Inventory:

Hand Weapons
 g - the +8 sling "Liaf Fimp" {antimagic, rN+ Will+ Str+2 Dex+3}
   (You found it on level 2 of the Dungeon)

   Str+2:     It affects your strength (+2).
   Dex+3:     It affects your dexterity (+3).
   rN+:       It protects you from negative energy.
   Will+:     It increases your willpower.
 k - a +0 shortbow (weapon)
Armour
 e - a +2 pair of boots (worn)
 l - a +0 scale mail of fire resistance (worn)
 m - a +1 pair of gloves (worn)
 s - the +1 helmet "Popellef" (worn) {Str+3 Dex+2}
   (You found it on level 7 of the Dungeon)

   Str+3:     It affects your strength (+3).
   Dex+2:     It affects your dexterity (+2).
 u - a +0 cloak (worn)
 v - +0 acid dragon scales
Jewellery
 r - a +6 ring of strength (left hand)
 w - a ring of resist corrosion (right hand)
Wands
 c - a wand of iceblast (5)
 t - a wand of polymorph (10)
Potions
 b - 3 potions of might
 j - a potion of enlightenment

Dungeon Overview and Level Annotations

Branches:
Dungeon (9/15)             Temple (1/1) D:7            Lair (1/5) D:9
    Orc: D:9-12

Altars:
Ashenzari
Dithmenos
Elyvilon
Fedhas
Gozag
Hepliaklqana
Kikubaaqudgha
Makhleb
Nemelex Xobeh
Okawaru
Qazlal
Ru
Sif Muna
Trog
Uskayaw
Wu Jian
Xom
Yredelemnul
Zin
The Shining One

Shops:
D:3 *   D:7 *   D:9 ?*

Annotations:
D:6 1 runed translucent door, Crazy Yiuf


Message History

You shoot an arrow. The arrow hits the yak!
The yak is moderately wounded.
The yak barely misses you. The yak completely misses you.
You shoot an arrow. The arrow barely misses the yak.
The yak gores you. The yak gores you but does no damage.
You shoot an arrow. The arrow hits the yak.
The yak is heavily wounded.
You shoot an arrow.
The arrow hits the yak but does no damage.
The yak is heavily wounded.
The yak misses you. x2
You shoot an arrow. The arrow hits the yak.
The yak is heavily wounded.
The yak completely misses you. The yak gores you but does no damage.
You shoot an arrow.
The arrow hits the yak but does no damage.
The yak is heavily wounded.
The yak gores you but does no damage. The yak misses you.
You shoot an arrow. The arrow hits the yak!
The yak is almost dead.
The yak closely misses you. x2
You shoot an arrow. The arrow barely misses the yak.
You shoot an arrow. The arrow closely misses the yak.
The yak closely misses you. The yak gores you.
You shoot an arrow. The arrow hits the yak!
You kill the yak!
Okawaru accepts your kill. The yak gores you but does no damage.
You shoot an arrow. The arrow hits the yak.
The yak is lightly wounded.
The yak closely misses you. The yak gores you.
You shoot an arrow. The arrow barely misses the yak.
The yak misses you. x2
You shoot an arrow. The arrow barely misses the yak.
You shoot an arrow.
The arrow hits the yak but does no damage.
The yak is lightly wounded.
You feel like a meek peon again. The yak gores you.
You die...

..# >.# #
#.# ..###.#
#.# .......
#.. ...# ...
.#$...# #.#
#F##... ##Y#
.#S$... #YY#
....... ##@#
......# #..#
..#.#...
...........#
........
.....##.#.##
F.......
..... ......
##..##. ..#P
... .P# # .
# .?.##.P#
.### ## #.


You could see 3 yaks.

Vanquished Creatures
  An elephant (D:9)
  Maggie (D:8)
  A gargoyle (D:9)
  A cane toad (Lair:1)
  2 rime drakes (Lair:1)
  A troll (D:9)
  A hornet (D:9)
  Prince Ribbit (D:7)
  Sigmund (D:3)
  A wraith (D:9)
  3 wyverns
  Eustachio (D:6)
  3 yaks
  2 basilisks (D:9)
  2 steam dragons
  Menkaure (D:4)
  4 water moccasins
  An acid dragon (D:9)
  A sky beast (D:6)
  3 orc warriors
  2 ice beasts
  2 black bears
  2 ogres
  2 centaurs
  3 bullfrogs
  3 gnoll sergeants
  A scorpion (D:5)
  5 wights (D:8)
  3 howler monkeys
  3 bombardier beetles (D:4)
  2 electric eels (Lair:1)
  6 orc priests
  4 hounds
  2 jellies
  A gnoll bouda (D:6)
  A sleepcap (D:8)
  Terence (D:2)
  Natasha (D:3)
  4 iguanas
  6 orc wizards
  Robin (D:4)
  18 gnolls
  4 adders
  A shadow imp (D:7)
  3 white imps
  A dart slug (D:1)
  3 ribbon worms
  29 orcs
  3 bats
  5 endoplasms
  5 giant cockroaches
  14 goblins
  10 hobgoblins
  8 jackals
  5 quokkas
  4 ball pythons
  2 frilled lizards (D:2)
  8 kobolds
  2 rats
212 creatures vanquished.

Vanquished Creatures (others)
  An orc wizard (D:6)
1 creature vanquished.

Grand Total: 213 creatures vanquished

Notes
Turn   | Place    | Note
-------+----------+-------------------------------------------
     0 | D:1      | qw the Deep Elf Hunter began the quest for the Orb.
     0 | D:1      | Reached XP level 1. HP: 12/12 MP: 3/3
     0 | D:1      | 0 ||| qw: Version: 0.3-a-155-g5e7d8dd
     0 | D:1      | 0 ||| qw: Game counter: 1019
     0 | D:1      | 0 ||| qw: Melee chars always use a shield: true
     0 | D:1      | 0 ||| qw: God list: Okawaru
     0 | D:1      | 0 ||| qw: Allow faded altars: false
     0 | D:1      | 0 ||| qw: Do Orc after clearing Dungeon:15 true
     0 | D:1      | 0 ||| qw: Do second Lair branch before Depths: true
     0 | D:1      | 0 ||| qw: Lair rune preference: random
     0 | D:1      | 0 ||| qw: Goals: Normal
     0 | D:1      | 0 ||| PLANNING D:1-11
   143 | D:1      | Found a faded altar of an unknown god.
   223 | D:1      | Reached skill level 6 in Ranged Weapons
   223 | D:1      | Reached XP level 2. HP: 16/16 MP: 4/4
   838 | D:1      | 838 ||| UPGRADING to +0 helmet.
   843 | D:1      | 843 ||| UPGRADING to +2 pair of boots.
   848 | D:1      | 848 ||| UPGRADING to +0 ring mail.
   858 | D:1      | 858 ||| DROPPING +0 leather armour.
   859 | D:1      | 859 ||| READING scroll labelled ECANUH LUJYOC.
   859 | D:1      | 859 ||| IDENTIFYING silvery potion
   860 | D:1      | 860 ||| READING scroll labelled YPINUSUPRASH.
   861 | D:1      | 861 ||| DROPPING scroll of butterflies.
   862 | D:1      | 862 ||| DROPPING potion of ambrosia.
   878 | D:2      | 878 ||| STAIRDANCE
   883 | D:2      | 883 ||| STAIRDANCE
   890 | D:2      | 890 ||| STAIRDANCE
   991 | D:2      | Identified the +8 sling "Liaf Fimp" {antimagic, rN+ Will+
                  | Str+2 Dex+3}
   993 | D:2      | 993 ||| SWAPPING to +8 sling "Liaf Fimp" {antimagic, rN+
                  | Will+ Str+2 Dex+3}.
   994 | D:2      | 994 ||| DROPPING +0 shortbow.
  1027 | D:2      | Reached XP level 3. HP: 20/20 MP: 1/5
  1061 | D:2      | Noticed Terence
  1067 | D:2      | Killed Terence
  1068 | D:2      | Reached skill level 7 in Ranged Weapons
  1206 | D:2      | Reached XP level 4. HP: 25/25 MP: 2/6
  1325 | D:2      | 1325 ||| READING 6 scrolls of identify.
  1325 | D:2      | 1325 ||| IDENTIFYING viscous orange potion
  1326 | D:2      | 1326 ||| READING 5 scrolls of identify.
  1326 | D:2      | 1326 ||| IDENTIFYING fizzy cyan potion
  1327 | D:2      | 1327 ||| READING 4 scrolls of identify.
  1327 | D:2      | 1327 ||| IDENTIFYING 2 bubbling brown potions
  1328 | D:2      | 1328 ||| READING 3 scrolls of identify.
  1328 | D:2      | 1328 ||| IDENTIFYING scroll labelled OQAT NOCVIZXU
  1329 | D:2      | 1329 ||| DROPPING scroll of poison.
  1381 | D:3      | Found Fiulis's Assorted Antiques.
  1386 | D:3      | 1386 ||| BUYING 2 amethyst potions (50 gold).
  1386 | D:3      | Bought 2 amethyst potions for 50 gold pieces
  1386 | D:3      | 1386 ||| SHOPLISTING faintly glowing leather armour (196
                  | gold, have 110).
  1386 | D:3      | 1386 ||| SHOPLISTING fine scarf (280 gold, have 110).
  1386 | D:3      | 1386 ||| BUYING scroll labelled XOIBLEURESM (28 gold).
  1386 | D:3      | Bought a scroll labelled XOIBLEURESM for 28 gold pieces
  1386 | D:3      | 1386 ||| BUYING scroll of identify (56 gold).
  1386 | D:3      | Bought a scroll of identify for 56 gold pieces
  1386 | D:3      | 1386 ||| SHOPLISTING worn gold wand (112 gold, have 26).
  1398 | D:3      | Noticed Natasha
  1401 | D:3      | Killed Natasha
  1402 | D:3      | Reached skill level 8 in Ranged Weapons
  1484 | D:3      | Noticed Sigmund
  1485 | D:3      | 1485 ||| ZAPPING wand of quicksilver (10) at -2,1 (Sigmund;
                  | floor).
  1486 | D:3      | 1486 ||| ZAPPING wand of quicksilver (9) at -2,1 (Sigmund;
                  | floor).
  1487 | D:3      | 1487 ||| ZAPPING wand of quicksilver (8) at -2,1 (Sigmund;
                  | floor).
  1488 | D:3      | 1488 ||| ZAPPING wand of quicksilver (7) at -2,1 (Sigmund;
                  | floor).
  1488 | D:3      | Killed Sigmund
  1489 | D:3      | Reached skill level 9 in Ranged Weapons
  1489 | D:3      | Reached XP level 5. HP: 29/29 MP: 2/7
  1489 | D:3      | Reached XP level 6. HP: 34/34 MP: 2/8
  2112 | D:3      | Reached skill level 3 in Dodging
  2200 | D:3      | Identified the +2 short sword "Nessemn" {freeze, rN+ Str+6}
  2332 | D:3      | 2332 ||| UPGRADING to +0 scale mail of fire resistance.
  2342 | D:3      | 2342 ||| READING 3 scrolls of identify.
  2342 | D:3      | 2342 ||| IDENTIFYING 2 amethyst potions
  2343 | D:3      | 2343 ||| READING 2 scrolls of identify.
  2343 | D:3      | 2343 ||| IDENTIFYING scroll labelled XOIBLEURESM
  2344 | D:3      | 2344 ||| DROPPING scroll of amnesia.
  2363 | D:4      | Reached skill level 1 in Armour
  2384 | D:4      | Noticed Robin
  2387 | D:4      | Killed Robin
  2415 | D:4      | 2415 ||| FLEEEEING.
  2416 | D:4      | 2416 ||| FLEEEEING.
  2417 | D:4      | 2417 ||| FLEEEEING.
  2418 | D:4      | 2418 ||| FLEEEEING.
  2579 | D:4      | Reached skill level 10 in Ranged Weapons
  2579 | D:4      | Reached XP level 7. HP: 40/40 MP: 3/9
  2862 | D:4      | Noticed Menkaure
  2863 | D:4      | 2863 ||| FLEEEEING.
  2869 | D:4      | 2869 ||| ZAPPING wand of quicksilver (6) at 1,-1 (Menkaure;
                  | floor).
  2870 | D:4      | 2870 ||| ZAPPING wand of quicksilver (5) at 1,-1 (Menkaure;
                  | floor).
  2870 | D:4      | Killed Menkaure
  2871 | D:4      | Reached skill level 11 in Ranged Weapons
  3072 | D:4      | 3072 ||| UPGRADING to +0 pair of gloves.
  3077 | D:4      | 3077 ||| READING scroll of identify.
  3077 | D:4      | 3077 ||| IDENTIFYING 2 fizzy silvery potions
  3078 | D:4      | 3078 ||| READING scroll labelled CUDI FOXEJAMM.
  3079 | D:4      | 3079 ||| READING scroll labelled JOEFOETHR FEON.
  3195 | D:5      | Entered Level 5 of the Dungeon
  3469 | D:5      | Reached skill level 12 in Ranged Weapons
  3531 | D:5      | Found a shadowy altar of Dithmenos.
  3648 | D:5      | Reached XP level 8. HP: 45/45 MP: 3/10
  3681 | D:5      | Reached skill level 3 in Fighting
  3819 | D:5      | Found a hazy altar of Hepliaklqana.
  4205 | D:5      | 4205 ||| READING 2 scrolls labelled YNUREU WIACEBI.
  4206 | D:5      | 4206 ||| READING scroll labelled MEDYONLUPI.
  4210 | D:5      | 4210 ||| DROPPING scroll of fear.
  4226 | D:6      | Noticed Eustachio
  4227 | D:6      | 4227 ||| RETREEEEATING.
  4228 | D:6      | 4228 ||| RETREEEEATING.
  4247 | D:6      | Killed Eustachio
  4253 | D:6      | Reached skill level 13 in Ranged Weapons
  4361 | D:6      | Found a bloodstained altar of Trog.
  4371 | D:6      | Found a runed translucent door.
  4372 | D:6      | Noticed Crazy Yiuf
  4896 | D:6      | Reached skill level 14 in Ranged Weapons
  5406 | D:6      | 5406 ||| READING scroll labelled YSAUGR LUIBIZ.
  5406 | D:6      | 5406 ||| ENCHANTING +0 pair of gloves.
  5444 | D:7      | Reached XP level 9. HP: 51/51 MP: 3/11
  5445 | D:7      | Found Vetro's Assorted Antiques.
  5453 | D:7      | 5453 ||| BUYING potion of heal wounds (150 gold).
  5453 | D:7      | Bought a potion of heal wounds for 150 gold pieces
  5453 | D:7      | 5453 ||| SHOPLISTING scroll labelled UJERYDW JIUC (30 gold,
                  | have 22).
  5525 | D:7      | Noticed Prince Ribbit
  5534 | D:7      | Killed Prince Ribbit
  5563 | D:7      | Found a broken altar of Ashenzari.
  5623 | D:7      | Reached skill level 6 in Dodging
  5808 | D:7      | Found a staircase to the Ecumenical Temple.
  5809 | D:7      | 5809 ||| PLANNING TEMPLE
  5811 | D:7      | 5811 ||| UPGRADING to +6 ring of strength.
  5825 | Temple   | Entered the Ecumenical Temple
  5826 | Temple   | 5826 ||| PLANNING OKAWARU WORSHIP
  5848 | Temple   | Became a worshipper of Warmaster Okawaru
  5849 | Temple   | 5849 ||| PLANNING D:1-11
  6050 | D:7      | Identified the +1 helmet "Popellef" {Str+3 Dex+2}
  6065 | D:7      | 6065 ||| UPGRADING to +1 helmet "Popellef" {Str+3 Dex+2}.
  6075 | D:7      | 6075 ||| DROPPING +0 helmet.
  6166 | D:8      | Noticed Maggie
  6167 | D:8      | 6167 ||| DRINKING 2 potions of haste.
  6183 | D:8      | Killed Maggie
  6279 | D:8      | 6279 ||| RETREEEEATING.
  6282 | D:8      | 6282 ||| DRINKING potion of haste.
  6283 | D:8      | Reached * piety under Okawaru
  6284 | D:8      | 6284 ||| RETREEEEATING.
  6303 | D:8      | Reached skill level 1 in Invocations
  6461 | D:8      | Identified the +6 short sword of Impermanence {heavy, rF+
                  | SInv}
  6702 | D:8      | Found an ornate altar of the Wu Jian Council.
  6713 | D:8      | Reached skill level 3 in Armour
  6713 | D:8      | Reached skill level 3 in Invocations
  6767 | D:8      | Found a sparkling altar of Nemelex Xobeh.
  6814 | D:8      | 6814 ||| SWAPPING to +0 shortbow.
  7053 | D:8      | Reached XP level 10. HP: 52/59 MP: 14/14
  7113 | D:8      | 7113 ||| UPGRADING to +0 cloak.
  7118 | D:8      | 7118 ||| UPGRADING to ring of resist corrosion.
  7119 | D:8      | 7119 ||| READING scroll of identify.
  7119 | D:8      | 7119 ||| IDENTIFYING blue potion
  7120 | D:8      | 7120 ||| READING scroll labelled JYUFFI MU LAN.
  7121 | D:8      | 7121 ||| DROPPING potion of brilliance.
  7166 | D:9      | Noticed an elephant
  7167 | D:9      | 7167 ||| RETREEEEATING.
  7169 | D:9      | 7169 ||| RETREEEEATING.
  7179 | D:9      | 7179 ||| DRINKING potion of cancellation.
  7187 | D:9      | 7187 ||| RETREEEEATING.
  7191 | D:9      | 7191 ||| ZAPPING wand of quicksilver (4) at -3,-4
                  | (elephant; floor).
  7191 | D:9      | Reached ** piety under Okawaru
  7194 | D:9      | 7194 ||| ZAPPING wand of quicksilver (3) at -2,-3
                  | (elephant; floor).
  7195 | D:9      | 7195 ||| ZAPPING wand of quicksilver (2) at -1,-2
                  | (elephant; floor).
  7196 | D:9      | 7196 ||| ZAPPING wand of quicksilver (1) at 0,-2 (elephant;
                  | floor).
  7200 | D:9      | Killed an elephant
  7201 | D:9      | Reached skill level 6 in Fighting
  7314 | D:9      | Found a staircase to the Lair.
  7354 | D:9      | Found The Oracle's Delphic Readings.
  7355 | D:9      | 7355 ||| RETREEEEATING.
  7357 | D:9      | 7357 ||| RETREEEEATING.
  7361 | D:9      | 7361 ||| RETREEEEATING.
  7364 | D:9      | 7364 ||| RETREEEEATING.
  7365 | D:9      | 7365 ||| RETREEEEATING.
  7366 | D:9      | 7366 ||| RETREEEEATING.
  7367 | D:9      | 7367 ||| RETREEEEATING.
  7389 | D:9      | Reached skill level 9 in Dodging
  7478 | D:9      | 7478 ||| BUYING 2 scrolls of teleportation (66 gold).
  7478 | D:9      | Bought 2 scrolls of teleportation for 66 gold pieces
  7478 | D:9      | 7478 ||| BUYING scroll of identify (22 gold).
  7478 | D:9      | Bought a scroll of identify for 22 gold pieces
  7478 | D:9      | 7478 ||| BUYING scroll of identify (22 gold).
  7478 | D:9      | Bought a scroll of identify for 22 gold pieces
  7529 | D:9      | Found Fieniem's Assorted Antiques.
  7534 | D:9      | 7534 ||| BUYING bubbling orange potion (27 gold).
  7534 | D:9      | Bought a bubbling orange potion for 27 gold pieces
  7534 | D:9      | 7534 ||| SHOPLISTING fizzy yellow potion (27 gold, have
                  | 18).
  7534 | D:9      | 7534 ||| SHOPLISTING scroll of identify (60 gold, have 18).
  7558 | D:9      | Noticed a gargoyle
  7559 | D:9      | 7559 ||| ZAPPING wand of iceblast (9) at -1,-4 (gargoyle;
                  | floor).
  7560 | D:9      | 7560 ||| ZAPPING wand of iceblast (8) at -1,-4 (gargoyle;
                  | floor).
  7561 | D:9      | 7561 ||| ZAPPING wand of iceblast (7) at -1,-3 (gargoyle;
                  | floor).
  7562 | D:9      | 7562 ||| ZAPPING wand of iceblast (6) at -1,-2 (gargoyle;
                  | floor).
  7568 | D:9      | HP: 4/60 [gargoyle/stone arrow (15)]
  7569 | D:9      | 7569 ||| READING 3 scrolls of teleportation.
  7570 | D:9      | 7570 ||| DRINKING 3 potions of heal wounds.
  7571 | D:9      | Killed a gargoyle
  7766 | D:9      | 7766 ||| DRINKING potion of curing.
  7766 | D:9      | 7766 ||| (to cure confusion)
  7860 | D:9      | Paralysed by a hornet for 1 turns
  7862 | D:9      | 7862 ||| RETREEEEATING.
  7863 | D:9      | Reached *** piety under Okawaru
  8342 | D:9      | 8342 ||| PLANNING LAIR
  8342 | D:9      | 8342 ||| DROPPING +0 troll leather armour.
  8343 | D:9      | 8343 ||| DROPPING +0 ring mail.
  8344 | D:9      | 8344 ||| READING 4 scrolls of identify.
  8344 | D:9      | 8344 ||| IDENTIFYING bubbling orange potion
  8345 | D:9      | 8345 ||| READING 3 scrolls of identify.
  8345 | D:9      | 8345 ||| IDENTIFYING viscous black potion
  8346 | D:9      | 8346 ||| READING 2 scrolls of identify.
  8346 | D:9      | 8346 ||| IDENTIFYING bubbling green potion
  8347 | D:9      | 8347 ||| READING scroll of identify.
  8347 | D:9      | 8347 ||| IDENTIFYING bubbling silvery potion
  8348 | D:9      | 8348 ||| READING scroll labelled YREOLURHU BUDDOESH.
  8349 | D:9      | 8349 ||| READING scroll labelled XAAXOY UHATRI.
  8356 | D:9      | 8356 ||| FLEEEEING.
  8357 | D:9      | 8357 ||| FLEEEEING.
  8358 | D:9      | 8358 ||| FLEEEEING.
  8466 | D:9      | 8466 ||| DROPPING potion of degeneration.
  8467 | D:9      | 8467 ||| DROPPING potion of invisibility.
  8468 | D:9      | 8468 ||| DROPPING potion of berserk rage.
  8478 | Lair:1   | Entered Level 1 of the Lair of Beasts
  8685 | Lair:1   | Reached **** piety under Okawaru
  8788 | Lair:1   | Noticed a cane toad
  8789 | Lair:1   | 8789 ||| RETREEEEATING.
  8794 | Lair:1   | Noticed a cane toad
  8798 | Lair:1   | 8798 ||| INVOKING Finesse.
  8799 | Lair:1   | Noticed a cane toad
  8802 | Lair:1   | HP: 15/63 [poisoned by a cane toad]
  8803 | Lair:1   | 8803 ||| READING 2 scrolls of teleportation.
  8804 | Lair:1   | 8804 ||| DRINKING 2 potions of heal wounds.
  8811 | Lair:1   | HP: 13/63 [poisoned by a cane toad]
  8816 | Lair:1   | HP: 7/63 [poisoned by a cane toad]
  9104 | Lair:1   | 9104 ||| INVOKING Heroism.
  9105 | Lair:1   | 9105 ||| RETREEEEATING.
  9108 | Lair:1   | 9108 ||| RETREEEEATING.
  9123 | Lair:1   | Killed a cane toad
  9124 | Lair:1   | HP: 12/63 [poisoned by a cane toad]
  9125 | Lair:1   | 9125 ||| READING scroll of teleportation.
  9126 | Lair:1   | 9126 ||| DRINKING potion of heal wounds.
  9134 | Lair:1   | 9134 ||| RETREEEEATING.
  9136 | Lair:1   | 9136 ||| INVOKING Heroism.
  9137 | Lair:1   | HP: 9/63 [yak (10)]
  9139 | Lair:1   | HP: 4/63 [yak (4)]
  9148 | Lair:1   | Reached XP level 11. HP: 7/67 MP: 14/16
  9155 | Lair:1   | HP: 6/67 [yak (3)]
  9162 | Lair:1   | HP: 6/67 [yak (1)]
  9167 | Lair:1   | Slain by a yak

Levels and vault maps discovered:
D:1:      dpeg_arrival_renting, layout_basic,
          dreamdust_ecumenical_altar_angels_and_demons
D:2:      layout_rooms, uniq_terence
D:3:      layout_loops_corners, serial_shops, shop,
          amcnicky_mini_rare_corridor_liquid, uniq_sigmund, uniq_natasha
D:4:      layout_cave_pools, serial_column_ruins, column_ruins_hut_pillars,
          column_ruins_square_small, column_ruins_open_medium,
          column_ruins_corridor_straight, column_ruins_open_tiny,
          column_ruins_open_tiny, column_ruins_columns_corner,
          grunt_decor_fettered, uniq_robin, uniq_menkaure
D:5:      layout_basic, mainiacjoe_overflow_concentric_impassable,
          mainiacjoe_overflow_alcove_1
D:6:      layout_basic, mainiacjoe_overflow_boulevard, uniq_crazy_yiuf_cottage,
          uniq_eustachio
D:7:      layout_gridville, lemuel_doored_altar, temple_pool_b, serial_shops,
          shop, uniq_prince_ribbit1
D:8:      layout_loops_cross, jmf_multi_god_temple2,
          chequers_serial_rivers_micro_d, uniq_maggie
D:9:      layout_basic, david_lair_generic, serial_shops,
          nicolae_shop_hallway_plus, nicolae_nh_oracle_at_delphi
Temple:   minmay_temple_curvy_branch
Lair:1:   layout_loops_ring, dpeg_stationary_puzzle

Skill      XL: |  1  2  3  4  5  6  7  8  9 10 |
---------------+-------------------------------+-----
Ranged Weapons | 6 7 9 10 12 14 | 14.0
Dodging        | 3 4 8 10 | 10.0
Armour         | 1 2 3 5 |  5.0
Fighting       | 2 3 5 7 |  7.2
Invocations    | 3 4 |  4.2
Stealth        | |  1.2

Action                     |  1- 3 |  4- 6 |  7- 9 | 10-12 || total
---------------------------+-------+-------+-------+-------++-------
   Fire: Shortbow          |    53 |       |    26 |   286 ||   365
         Sling             |    19 |    87 |   305 |       ||   411
 Invoke: Heroism           |       |       |       |     2 ||     2
         Finesse           |       |       |       |     1 ||     1
  Evoke: Wand              |       |     4 |     2 |     8 ||    14
    Use: Scroll            |     2 |     6 |     6 |    11 ||    25
         Potion            |       |       |     2 |     5 ||     7
 Armour: Leather armour    |     2 |       |       |       ||     2
         Ring mail         |    21 |     3 |       |       ||    24
         Scale mail        |       |     6 |    91 |   104 ||   201
  Dodge: Dodged            |    19 |     8 |    60 |   134 ||   221

Table legend:
 A = Non-vault XP
 B = Vault XP
 C = Vault XP percentage of total XP
 D = Non-vault monster count
 E = Vault monster count
 F = Vault count percentage of total count
                 A         B        C        D         E       F
            +---------+---------+-------+---------+---------+-------
      Total |    7988 |    3247 |  28.9 |     182 |      30 |  14.2
            +---------+---------+-------+---------+---------+-------
        D:1 |      27 |       0 |   0.0 |      15 |       0 |   0.0
        D:2 |      37 |      38 |  50.7 |      18 |       1 |   5.3
        D:3 |     147 |     262 |  64.1 |      15 |       2 |  11.8
        D:4 |     346 |     255 |  42.4 |      23 |      14 |  37.8
        D:5 |     524 |       0 |   0.0 |      13 |       0 |   0.0
        D:6 |     931 |     202 |  17.8 |      25 |       1 |   3.8
        D:7 |     599 |     259 |  30.2 |      12 |       1 |   7.7
        D:8 |    1205 |     726 |  37.6 |      29 |       3 |   9.4
        D:9 |    2147 |    1401 |  39.5 |      24 |       6 |  20.0
     Lair:1 |    2025 |     104 |   4.9 |       8 |       2 |  20.0
            +---------+---------+-------+---------+---------+-------
